 Dungeon Crawl Stone Soup version 0.23.0 (webtiles) character file.

Game seed: 10663158093090973513

524761 Morbidden the Slayer (level 24, -1/336 HPs)
             Began as a Demonspawn Fighter on Feb 12, 2019.
             Was the Champion of Okawaru.
             Splashed with acid (3 damage)
             ... on level 2 of the Pits of Slime on Feb 15, 2019.
             The game lasted 02:35:48 (55966 turns).

Morbidden the Slayer (Demonspawn Fighter)          Turns: 55966, Time: 02:35:49

Health: -1/336     AC:  9    Str: 40    XL:     24   Next: 22%
Magic:  0/51       EV: 20    Int: 19    God:    Okawaru [******]
Gold:   2280       SH: 20    Dex: 17    Spells: 45/53 levels left

rFire    + + .     SeeInvis +   a - +3 Maxwell's thermic engine {flame, freeze}
rCold    + + .     Gourm    .   T - +3 shield {reflect}
rNeg     . . .     Faith    .   I - +0 storm dragon scales
rPois    +         Spirit   +   W - +0 helmet {SInv}
rElec    +         Reflect  +   U - +0 cloak {rPois}
rCorr    .         Harm     .   Q - +0 pair of gloves of Buoty {*Contam MP+9 Stlth+}
MR       +....                  (boots unavailable)
Stlth    ..........             h - amulet of guardian spirit
HPRegen  0.66/turn              y - ring of Dedim {rF+ rC+ Str+6 Int+7}
MPRegen  0.32/turn              c - ring "Femadoyn" {*Slow rC+ Str+7 Dex+2 Slay+3}

@: berserking (expiring), corroded, very slightly contaminated, very quick
A: talons 3, rugged brown scales 3, clumsy 1, fire resistance 1, hurl damnation,
powered by pain 2, spiny 3, flame cloud immunity
}: 3/15 runes: serpentine, barnacled, abyssal
a: Hurl Damnation, Heroism, Finesse, Renounce Religion


You were on level 2 of the Pits of Slime.
You worshipped Okawaru.
Okawaru was exalted by your worship.
You were full.

You visited 11 branches of the dungeon, and saw 46 of its levels.
You visited the Abyss 5 times.
You visited 1 bazaar.
You also visited: Ice Cave.

You collected 6154 gold pieces.
You spent 3874 gold pieces at shops.

Inventory:

Hand Weapons
 a - the +3 Maxwell's thermic engine (weapon) {flame, freeze}
   (Okawaru gifted it to you on level 2 of the Vaults)

   It has been specially enchanted to burn those struck by it, causing extra
   injury to most foes and up to half again as much damage against particularly
   susceptible opponents.
   Big, fiery blades are also staple armaments of hydra-hunters.
 b - the +12 dagger "Dyepaor" {pierce, rN++}
   (You found it on level 7 of the Dungeon)

   It inflicts extra damage upon your enemies.
   It greatly protects you from negative energy.
 F - a +3 demon blade of electrocution
 J - a +1 double sword of slicing
Missiles
 l - 12 javelins of penetration
 n - 6 throwing nets
 P - 8 steel javelins (quivered)
Armour
 u - a +0 crystal plate armour
 H - a +2 large shield of protection
 I - +0 storm dragon scales (worn)
 Q - the +0 pair of gloves of Buoty (worn) {*Contam MP+9 Stlth+}
   (Okawaru gifted it to you on level 4 of the Lair of Beasts)

   It affects your magic capacity (+9).
   It causes magical contamination when unequipped.
   It makes you more stealthy.
 T - a +3 shield of reflection (worn)
 U - a +0 cloak of poison resistance (worn)
 W - a +0 helmet of see invisible (worn)
Jewellery
 c - the ring "Femadoyn" (right hand) {*Slow rC+ Str+7 Dex+2 Slay+3}
   (You bought it in a shop on level 3 of the Shoals)

   [ring of protection from cold]

   It affects your strength (+7).
   It affects your dexterity (+2).
   It affects your accuracy and damage with ranged weapons and melee attacks
   (+3).
   It protects you from cold.
   It may slow you when you take damage.
 h - an amulet of guardian spirit (around neck)
 y - the ring of Dedim (left hand) {rF+ rC+ Str+6 Int+7}
   (You took it off a deep elf mage on level 3 of the Elven Halls)

   [ring of protection from cold]

   It affects your strength (+6).
   It affects your intelligence (+7).
   It protects you from fire.
   It protects you from cold.
 L - an uncursed ring of protection from cold
Wands
 g - a wand of digging (5)
 E - a wand of iceblast (48)
 O - a wand of acid (39)
Scrolls
 e - 5 scrolls of fog
 k - 13 scrolls of teleportation
 o - 2 scrolls of fear
 p - 18 scrolls of remove curse
 s - 2 scrolls of magic mapping
 t - a scroll of summoning
 w - a scroll of silence
 x - 3 scrolls of enchant armour
 K - 6 scrolls of identify
 M - 10 scrolls of amnesia
Potions
 i - 2 potions of resistance
 j - 5 potions of might
 q - 4 potions of agility
 r - 13 potions of mutation
 z - 4 potions of cancellation
 B - 4 potions of brilliance
 C - 8 potions of flight
 D - 3 potions of berserk rage
 R - 4 potions of magic
 S - 2 potions of haste
 V - a potion of ambrosia
 Y - 2 potions of invisibility
Miscellaneous
 v - a lamp of fire (inert)
 A - 2 sacks of spiders
 G - a box of beasts
 X - 3 phantom mirrors
Comestibles
 f - 51 rations


   Skills:
 + Level 22.1 Fighting
 - Level 4.0(11.3) Short Blades
 - Level 15.8(16.0) Long Blades
 - Level 0.2 Throwing
 + Level 15.4 Armour
 + Level 14.2 Dodging
 - Level 5.0 Stealth
 + Level 17.3 Shields
 * Level 15.1 Spellcasting
 * Level 2.2 Necromancy
 * Level 1.9 Transmutations
 * Level 8.5 Invocations
 + Level 1.5 Evocations


You had 45 spell levels left.
You knew the following spells:

 Your Spells              Type           Power        Failure   Level  Hunger
a - Necromutation         Tmut/Necr      ###.......   100%        8    #######

Your spell library contained the following spells:

 Spells                   Type           Power        Failure   Level  Hunger
 Animate Skeleton         Necr           N/A          4%          1    None
 Pain                     Necr           ###.         4%          1    None
 Corpse Rot               Necr           N/A          6%          2    None
 Sublimation of Blood     Necr           ###.......   6%          2    None
 Apportation              Tloc           ##....       11%         1    None
 Confusing Touch          Hex            ##....       11%         1    None
 Corona                   Hex            ##.....      11%         1    None
 Freeze                   Ice            ##..         11%         1    None
 Infusion                 Chrm           ##..         11%         1    None
 Magic Dart               Conj           ##..         11%         1    None
 Shock                    Conj/Air       ##..         11%         1    None
 Sting                    Conj/Pois      ##..         11%         1    None
 Summon Butterflies       Summ           ##......     11%         1    None
 Summon Small Mammal      Summ           ##..         11%         1    None
 Vampiric Draining        Necr           ###.......   13%         3    None
 Blink                    Tloc           N/A          16%         2    None
 Call Imp                 Summ           ##......     16%         2    None
 Ensorcelled Hibernation  Hex/Ice        ##....       16%         2    None
 Poisonous Vapours        Pois/Air       ##....       16%         2    None
 Searing Ray              Conj           ##....       16%         2    None
 Shroud of Golubria       Chrm/Tloc      ##........   16%         2    None
 Slow                     Hex            ##......     16%         2    None
 Song of Slaying          Chrm           ##......     16%         2    None
 Swiftness                Chrm/Air       ##......     16%         2    None
 Throw Frost              Conj/Ice       ##....       16%         2    None
 Regeneration             Chrm/Necr      ###.......   21%         3    None
 Call Canine Familiar     Summ           ##......     32%         3    None
 Confuse                  Hex            ##......     32%         3    None
 Conjure Flame            Conj/Fire      ##......     32%         3    None
 Dazzling Spray           Conj/Hex       ##....       32%         3    None
 Gell's Gravitas          Tloc           ##........   32%         3    None
 Inner Flame              Hex/Fire       ##......     32%         3    None
 Lesser Beckoning         Tloc           ##........   32%         3    None
 Mephitic Cloud           Conj/Pois/Air  ##......     32%         3    None
 Ozocubu's Armour         Chrm/Ice       ##......     32%         3    None
 Portal Projectile        Hex/Tloc       ##....       32%         3    None
 Recall                   Summ/Tloc      N/A          32%         3    None
 Spectral Weapon          Hex/Chrm       ##......     32%         3    None
 Static Discharge         Conj/Air       ##......     32%         3    None
 Teleport Other           Tloc           ##......     32%         3    None
 Tukima's Dance           Hex            ##......     32%         3    None
 Animate Dead             Necr           N/A          38%         4    None
 Ice Form                 Ice/Tmut       ###.....     58%         4    None
 Airstrike                Air            ##........   71%         4    None
 Cause Fear               Hex            ##........   71%         4    None
 Force Lance              Conj/Tloc      ##......     71%         4    None
 Fulminant Prism          Conj/Hex       ##........   71%         4    None
 Iskenderun's Mystic Bla  Conj           ##......     71%         4    None
 Leda's Liquefaction      Hex/Erth       ##........   71%         4    None
 Olgreb's Toxic Radiance  Pois           ##......     71%         4    None
 Passage of Golubria      Tloc           N/A          71%         4    None
 Summon Ice Beast         Ice/Summ       ##......     71%         4    None
 Summon Lightning Spire   Summ/Air       ##......     71%         4    None
 Throw Icicle             Conj/Ice       ##......     71%         4    None
 Agony                    Necr           ###.....     75%         5    ###....
 Excruciating Wounds      Chrm/Necr      ###.......   88%         5    ###....
 Alistair's Intoxication  Tmut/Pois      ###.....     90%         5    ###....
 Aura of Abjuration       Summ           ##........   96%         5    ###....
 Bolt of Magma            Conj/Fire/Erth ##........   96%         5    ###....
 Lightning Bolt           Conj/Air       ##........   96%         5    ###....
 Metabolic Englaciation   Hex/Ice        ##........   96%         5    ###....
 Silence                  Hex/Air        ##........   96%         5    ###....
 Summon Demon             Summ           ##........   96%         5    ###....
 Summon Forest            Summ/Tloc      ##........   96%         5    ###....
 Summon Mana Viper        Hex/Summ       ##......     96%         5    ###....
 Venom Bolt               Conj/Pois      ##........   96%         5    ###....
 Bolt of Cold             Conj/Ice       ##........   100%        6    #####..
 Conjure Ball Lightning   Conj/Air       ##........   100%        6    #####..
 Death Channel            Necr           ###.......   100%        6    #####..
 Deflect Missiles         Chrm/Air       ##........   100%        6    #####..
 Freezing Cloud           Conj/Ice/Air   ##........   100%        6    #####..
 Invisibility             Hex            ##......     100%        6    #####..
 Iron Shot                Conj/Erth      ##........   100%        6    #####..
 Ozocubu's Refrigeration  Ice            ##........   100%        6    #####..
 Shadow Creatures         Summ           N/A          100%        6    #####..
 Simulacrum               Ice/Necr       ###.......   100%        6    #####..
 Statue Form              Tmut/Erth      ###......    100%        6    #####..
 Summon Hydra             Summ           ##........   100%        7    ######.
 Ignition                 Fire           ##........   100%        8    #######
 Shatter                  Erth           ##........   100%        9    #######
 Tornado                  Air            ##........   100%        9    #######


Dungeon Overview and Level Annotations

Branches:
Dungeon (15/15)            Temple (1/1) D:7            Lair (6/6) D:10
 Shoals (4/4) Lair:4        Snake (4/4) Lair:3        Slime (3/5) Lair:5
    Orc (2/2) D:11            Elf (3/3) Orc:2        Vaults (4/5) D:13
  Crypt (3/3) Vaults:3       Tomb (0/3) Crypt:3      Depths (1/5) D:15

Altars:
Ashenzari
Cheibriados
Dithmenos
Elyvilon
Fedhas
Gozag
Hepliaklqana
Kikubaaqudgha
Makhleb
Nemelex Xobeh
Okawaru
Qazlal
Ru
Sif Muna
Trog
Uskayaw
Vehumet
Wu Jian
Xom
Yredelemnul
Zin
The Shining One
Beogh

Shops:
D:8 ***[   D:11 %   D:14 (   Orc:2 %[}[   Shoals:2 *   Shoals:3 =   Snake:3 }
Snake:4 =}}   Vaults:1 !   Vaults:2 =   Vaults:3 (

Portals:
Hell: Lair:6
Trove: D:10 (give +2 gold dragon scales)

Annotations:
D:10 exclusions: plant and 34 more exclusions


Innate Abilities, Weirdness & Mutations

You have claws for feet.
You are completely covered in rugged brown scales. (AC +3, +7% HP)
Your flesh is heat resistant. (rF+)
You can hurl damnation.
You sometimes gain power by taking damage.
You are completely covered in sharp spines.
You are immune to clouds of flame.
You are clumsy. (Dex -2)


Message History

The acid corrodes you!
You are splashed with acid!
* * * LOW HITPOINT WARNING * * *
The slime creature closely misses you.
Unknown command.
Unknown command.
Unknown command.
You are splashed with acid!
* * * LOW HITPOINT WARNING * * *
You feel less confused.
Unknown command.
Unknown command.
Unknown command.
You slice the acid blob!! You burn the acid blob! You freeze the acid blob.
Your hands burn!
* * * LOW HITPOINT WARNING * * *
You claw the acid blob.
You kill the acid blob!
Okawaru accepts your kill.
You are splashed with acid.
You die...

##....#.#....####
#..........##..##
#..........#....#
##.<.............#
##...............##
#..........#.....#
##.##...........##
##............#.##
#............J@..#
##.#........J<...#
###....#........#
##...##...>....#
#...#..........#
##.#..........##
#............##
#..............#
##.##..#......##


You could see 2 slime creatures.

Vanquished Creatures
  3 ancient liches (Crypt:3)
  Mara (Crypt:1)
  Mennas (Crypt:1)
  The ghost of Vailuoroe the Devastator, a veteran GrEE of Lugonu (Crypt:3)
  The ghost of Jetyrhek the Devastator, a veteran GrEE of Lugonu (Crypt:3)
  The ghost of Jetyrhek the Devastator, a veteran GrEE of Lugonu (Crypt:3)
  A bone dragon (Vaults:3)
  A shard shrike zombie (Crypt:1)
  A tentacled monstrosity (Vaults:3)
  Asterion (Snake:3)
  3 liches
  3 deep elf blademasters (Elf:3)
  2 deep elf master archers (Elf:3)
  4 tentacled starspawn
  8 acid blobs
  The ghost of Jannitor the Fighter, an adept DgNe (Vaults:3)
  7 ancient champions
  Frances (Snake:2)
  A sphinx (Vaults:4)
  A shadow dragon (Abyss:5)
  A storm dragon (Vaults:4)
  2 tengu reavers (Vaults:4)
  3 fire giants
  9 nagarajas
  An azure jelly (Slime:1)
  A draconian knight (Abyss:5)
  3 revenants
  10 vault wardens
  An orc warlord (D:14)
  2 frost giants
  15 deep elf sorcerers
  2 draconian stormcallers (Abyss:5)
  The ghost of P0WERM0DE the Severer, a journeyman DDFi of Makhleb (Snake:4)
  Louise (Snake:4)
  4 curse skulls
  8 ghouls
  8 stone giants
  6 ironheart preservers
  A reaper (Crypt:2)
  3 very ugly things (Abyss:5)
  An entropy weaver (Abyss:5)
  9 deep elf demonologists
  7 vampire knights
  8 deep elf annihilators
  A dire elephant (Lair:6)
  Snorg (Lair:5)
  An ettin (D:15)
  8 deep elf death magi
  8 eidola
  2 green deaths (Snake:2)
  11 jiangshi
  A merfolk javelineer (Shoals:4)
  A death ooze (Slime:2)
  11 merfolk impalers
  11 yaktaur captains
  2 rakshasas
  4 deep elf high priests (Elf:3)
  2 ice dragons (Vaults:3)
  7 hydras
  4 great orbs of eyes
  4 vault guards
  25 naga warriors
  7 centaur warriors
  19 anacondas
  A merfolk avatar (Shoals:2)
  34 two-headed ogres
  5 merfolk aquamancers
  8 death knights
  9 death yaks
  4 alligator snapping turtles
  A queen ant (shapeshifter) (Vaults:3)
  2 satyrs
  28 dancing weapons
  A catoblepas (Lair:4)
  12 ogre magi
  A death yak (shapeshifter) (D:13)
  A tengu warrior (D:14)
  14 naga sharpshooters
  10 thrashing horrors
  3 orc high priests
  8 vampire magi
  3 shock serpents
  Urug (Lair:6)
  2 soul eaters (Crypt:2)
  17 deep elf knights
  A sun demon (Lair:6)
  A salamander mystic (Snake:4)
  Nergalle (Lair:2)
  2 wretched stars (Abyss:5)
  A spatial maelstrom (Abyss:2)
  23 skeletal warriors
  5 shadow wraiths
  A storm dragon skeleton (Vaults:4)
  A death drake (Abyss:5)
  3 glowing orange brains
  6 deep trolls
  A kraken simulacrum (Shoals:4)
  10 flayed ghosts
  3 unseen horrors
  22 sea snakes
  2 unseen horrors (shapeshifter)
  A wizard (Lair:6)
  9 naga ritualists
  13 deep elf archers
  A necromancer (Vaults:4)
  17 orc knights
  8 phantasmal warriors
  A tengu zombie (Vaults:4)
  37 harpies
  16 ironbrand convokers
  An orb spider (Abyss:2)
  10 mana vipers
  12 fauns
  53 deep elf magi
  3 wolf spiders
  An iron dragon zombie (Abyss:2)
  4 draconians (Abyss:5)
  9 cyclopes
  4 oklob plants
  17 ugly things
  9 orc sorcerers
  12 manticores
  7 large abominations
  8 salamanders
  An elephant (shapeshifter) (Vaults:2)
  A guardian serpent (shapeshifter) (Vaults:2)
  4 elephants
  16 vault sentinels
  2 centaur zombies
  A frost giant skeleton (Crypt:3)
  An apocalypse crab (Abyss:2)
  6 merfolk sirens
  An ice statue (IceCv)
  5 water nymphs
  52 black mambas
  A titan simulacrum (Vaults:4)
  3 smoke demons
  17 guardian serpents
  8 spiny frogs
  13 komodo dragons
  4 orange demons
  27 naga magi
  A hellion (Abyss:5)
  A pale draconian zombie (Crypt:3)
  4 rime drakes
  10 freezing wraiths
  22 yaktaurs
  A minotaur skeleton (Crypt:3)
  An entropy weaver simulacrum (Vaults:3)
  3 ice devils (Lair:6)
  A queen ant zombie (Crypt:1)
  A meliai (shapeshifter) (Vaults:4)
  2 queen bees
  12 trolls
  21 polar bears
  3 ancient zymes
  23 merfolk
  3 wind drakes
  3 meliai (Lair:4)
  A troll (shapeshifter) (D:14)
  18 blink frogs
  2 bog bodies (Crypt:3)
  A harpy skeleton (D:15)
  4 hornets
  Grinder (D:3)
  45 slime creatures
  3 dream sheep (Shoals:2)
  2 raiju
  An ice dragon zombie (Crypt:3)
  14 hippogriffs
  13 snapping turtles
  8 flying skulls (Crypt:1)
  A redback (Abyss:2)
  2 meliai zombies (D:13)
  5 shadows
  3 starcursed masses (Abyss:2)
  Sigmund (D:5)
  2 air elementals (Elf:2)
  2 wyverns
  A ynoxinul (Abyss:5)
  3 fire elementals
  78 yaks
  15 water elementals
  A golden eye (Slime:1)
  3 basilisks (Lair:3)
  A golden eye (shapeshifter) (Vaults:3)
  10 wraiths
  A human (shapeshifter) (Vaults:3)
  A chaos spawn (Abyss:3)
  A steam dragon (D:11)
  3 vampire mosquitoes (D:14)
  A spatial vortex (Abyss:2)
  2 neqoxecs
  63 nagas
  6 small abominations
  An insubstantial wisp (Abyss:2)
  4 acid dragons
  5 wargs
  9 water moccasins
  2 monstrous demonspawn skeletons
  8 porcupines
  A water nymph skeleton (Crypt:2)
  4 hell hounds (Lair:6)
  A snapping turtle zombie (Crypt:3)
  A two-headed ogre skeleton (Crypt:1)
  A torturous demonspawn skeleton (Crypt:1)
  A merfolk skeleton (Crypt:3)
  8 ice beasts
  59 orc warriors
  8 sky beasts
  3 necrophages
  4 eyes of draining
  4 phantoms
  A black bear (D:6)
  An ettin simulacrum (Vaults:2)
  35 centaurs
  27 ogres
  10 boggarts
  21 wolves
  A snapping turtle skeleton (Crypt:3)
  10 crocodiles
  A crocodile (shapeshifter) (Elf:3)
  2 big kobolds
  2 wyvern zombies (D:10)
  5 earth elementals
  23 bullfrogs
  A cyclops zombie (Crypt:1)
  An elf skeleton (Crypt:2)
  A human skeleton (Vaults:4)
  A water moccasin zombie (D:9)
  A wyvern skeleton (D:7)
  4 scorpions
  37 killer bees
  A warg skeleton (Crypt:2)
  A shapeshifter zombie (Crypt:2)
  3 wights (D:6)
  9 howler monkeys
  9 crimson imps
  2 human simulacra
  2 bullfrog zombies
  A black bear zombie (Crypt:1)
  12 hounds
  5 jellies
  A quasit (D:12)
  30 orc priests
  47 orc wizards
  2 bullfrog skeletons
  2 gnoll shamans (D:9)
  2 centaur skeletons
  An iron imp (Abyss:2)
  Terence (D:3)
  5 iguanas
  10 worker ants
  A sky beast zombie (Crypt:3)
  2 hound zombies
  2 hound skeletons
  A howler monkey zombie (D:8)
  2 worker ant zombies
  18 gnolls
  A howler monkey skeleton (Crypt:3)
  A swamp drake zombie (Crypt:1)
  28 adders
  4 shadow imps
  13 white imps
  2 ufetubi
  2 oozes
  A lava snake zombie (Crypt:3)
  2 adder skeletons
  A halfling zombie (Crypt:2)
  An iguana skeleton (Crypt:3)
  7 worms
  A barachi skeleton (Crypt:2)
  3 dart slugs
  6 leopard geckos
  86 orcs
  4 ball pythons
  8 bats
  8 giant cockroaches
  A gnoll zombie (Crypt:3)
  6 goblins
  6 hobgoblins
  13 jackals
  9 kobolds
  8 quokkas
  3 frilled lizards
  A jackal skeleton (D:4)
  A jackal zombie (Crypt:1)
  3 rats
  A spectral orc (D:8)
  A fungus (Lair:5)
  3 plants
  6 starspawn tentacles
  A tentacle (Shoals:4)
2098 creatures vanquished.

Vanquished Creatures (collateral kills)
  A manticore (Shoals:4)
1 creature vanquished.

Vanquished Creatures (others)
  A deep elf master archer (Elf:3)
  A merfolk javelineer (Shoals:3)
  A centaur warrior (D:15)
  A satyr (Shoals:4)
  A wizard (Vaults:3)
  An ironbrand convoker (Vaults:4)
  A deep elf mage (Elf:2)
  2 fauns (Shoals:2)
  An orc sorcerer (Orc:2)
  A cyclops (D:14)
  4 yaktaurs (Vaults:3)
  A wind drake (Shoals:2)
  A water elemental (Shoals:2)
  2 yaks (IceCv)
  2 centaurs
  A wolf (IceCv)
  A boggart (D:14)
  An orc priest (Orc:2)
  3 orcs
  8 fungi
  27 plants
  11 starspawn tentacles
  8 tentacles (Shoals:4)
81 creatures vanquished.

Grand Total: 2180 creatures vanquished

Notes
Turn   | Place    | Note
-------+----------+-------------------------------------------
     0 | D:1      | Morbidden the Demonspawn Fighter began the quest for the
                  | Orb.
     0 | D:1      | Reached XP level 1. HP: 18/18 MP: 1/1
    45 | D:1      | Gained mutation: You sometimes gain a little power by
                  | taking damage. [demonic ancestry]
    45 | D:1      | Reached XP level 2. HP: 6/24 MP: 2/2
  1349 | D:2      | Gained mutation: You are partially covered in sharp spines.
                  | [demonic ancestry]
  1349 | D:2      | Reached XP level 3. HP: 29/29 MP: 3/3
  1618 | D:2      | Reached XP level 4. HP: 34/35 MP: 4/4
  2172 | D:3      | Reached XP level 5. HP: 31/41 MP: 5/5
  2556 | D:3      | Noticed Grinder
  2556 | D:3      | Paralysed by Grinder for 5 turns
  2572 | D:3      | Killed Grinder
  2572 | D:3      | Gained mutation: You sometimes gain power by taking damage.
                  | [demonic ancestry]
  2572 | D:3      | Reached XP level 6. HP: 19/47 MP: 6/6
  3069 | D:3      | Noticed Terence
  3081 | D:3      | Killed Terence
  3081 | D:3      | Reached skill level 5 in Long Blades
  3760 | D:4      | Found a blossoming altar of Fedhas.
  3761 | D:4      | Found a stormy altar of Qazlal.
  3810 | D:4      | Gained mutation: You are partially covered in rugged brown
                  | scales. (AC +1, +3% HP) [demonic ancestry]
  3810 | D:4      | Reached XP level 7. HP: 40/54 MP: 7/7
  4019 | D:4      | Found a bloodstained altar of Trog.
  4587 | D:5      | Entered Level 5 of the Dungeon
  4594 | D:5      | Reached skill level 1 in Dodging
  4818 | D:5      | Noticed Sigmund
  4844 | D:5      | Killed Sigmund
  4844 | D:5      | Gained mutation: You are mostly covered in sharp spines.
                  | [demonic ancestry]
  4844 | D:5      | Reached XP level 8. HP: 34/61 MP: 4/9
  5017 | D:5      | Reached skill level 4 in Fighting
  5096 | D:5      | Reached skill level 1 in Spellcasting
  5123 | D:5      | Found a shimmering altar of Xom.
  5460 | D:5      | Found a shimmering altar of Xom.
  5461 | D:5      | Found a hazy altar of Hepliaklqana.
  5461 | D:5      | Noticed a hell beast
  5462 | D:5      | Noticed a spectral ugly thing
  5462 | D:5      | Noticed a hell beast
  6027 | D:6      | Reached skill level 5 in Armour
  6259 | D:6      | Reached XP level 9. HP: 43/67 MP: 13/13
  6261 | D:6      | Reached skill level 1 in Stealth
  6405 | D:6      | Reached skill level 5 in Shields
  6801 | D:7      | Found an iron altar of Okawaru.
  6882 | D:7      | Got a bloodstained dagger
  6883 | D:7      | Identified the +12 dagger "Dyepaor" {pierce, rN++} (You
                  | found it on level 7 of the Dungeon)
  6992 | D:7      | Found a staircase to the Ecumenical Temple.
  7000 | Temple   | Entered the Ecumenical Temple
  7590 | D:8      | Found Careytz's General Store.
  7626 | D:8      | Found Cujejoasm's Assorted Antiques.
  7649 | D:8      | Bought a glowing helmet for 247 gold pieces
  7661 | D:8      | Found a roughly hewn altar of Beogh.
  7721 | D:8      | Reached skill level 5 in Fighting
  7947 | D:8      | Reached skill level 1 in Short Blades
  8017 | D:8      | Gained mutation: You are mostly covered in rugged brown
                  | scales. (AC +2, +5% HP) [demonic ancestry]
  8017 | D:8      | Reached XP level 10. HP: 32/77 MP: 6/16
  8087 | D:8      | Noticed a two-headed ogre
  8168 | D:7      | Became a worshipper of Warmaster Okawaru
  8442 | D:8      | Killed a two-headed ogre
  8442 | D:8      | Reached skill level 1 in Invocations
  8707 | D:8      | Found Finis's General Store.
  8731 | D:8      | Reached * piety under Okawaru
  8751 | D:8      | Found Ulessoh's Antique Armour Emporium.
  8769 | D:8      | Bought a steaming chain mail for 294 gold pieces
  8769 | D:8      | Identified the +4 chain mail of Intercession {rF- MR+ rCorr
                  | Dex+2} (You bought it in a shop on level 8 of the Dungeon)
  8805 | D:8      | Found a white marble altar of Elyvilon.
  8892 | D:8      | Found a basalt altar of Yredelemnul.
  9811 | D:9      | Reached skill level 5 in Spellcasting
  9814 | D:9      | Reached ** piety under Okawaru
 10007 | D:10     | Entered Level 10 of the Dungeon
 10083 | D:10     | Found a staircase to the Lair.
 10085 | D:10     | Noticed an oklob plant
 10282 | D:10     | Reached *** piety under Okawaru
 10283 | D:10     | Gained mutation: You are completely covered in sharp
                  | spines. [demonic ancestry]
 10283 | D:10     | Reached XP level 11. HP: 60/85 MP: 15/19
 10567 | D:10     | Found a portal to a secret trove of treasure.
 10657 | D:10     | Reached **** piety under Okawaru
 10772 | D:10     | Found a hide-covered altar of Uskayaw.
 11153 | D:10     | Reached skill level 10 in Long Blades
 11343 | D:10     | Got a crude fustibalus
 11344 | D:10     | Identified the +4 fustibalus of Binehank {velocity, SInv}
                  | (You found it on level 10 of the Dungeon)
 11557 | D:11     | Noticed a brown ugly thing
 11567 | D:11     | Killed a brown ugly thing
 11649 | D:11     | Reached skill level 5 in Invocations
 11672 | D:11     | Reached skill level 6 in Fighting
 11817 | D:11     | Noticed a phantasmal warrior
 11819 | D:11     | Noticed a death knight
 12295 | Lair:1   | Entered Level 1 of the Lair of Beasts
 12661 | Lair:1   | Reached ***** piety under Okawaru
 13497 | Lair:2   | Gained mutation: You have sharp toenails. [demonic
                  | ancestry]
 13497 | Lair:2   | Reached XP level 12. HP: 63/92 MP: 21/21
 13554 | Lair:2   | Noticed Nergalle
 13563 | Lair:2   | Killed Nergalle
 13724 | Lair:2   | Noticed a death yak
 13724 | Lair:2   | Noticed a death yak
 13725 | Lair:2   | Noticed a death yak
 13725 | Lair:2   | Noticed a death yak
 13725 | Lair:2   | Noticed a death yak
 13731 | Lair:2   | Noticed a death yak
 13759 | Lair:2   | Killed a death yak
 13768 | Lair:2   | Killed a death yak
 13778 | Lair:2   | Killed a death yak
 13795 | Lair:2   | Killed a death yak
 13807 | Lair:2   | Killed a death yak
 13814 | Lair:2   | Killed a death yak
 13814 | Lair:2   | Received a gift from Okawaru
 13985 | Lair:2   | Noticed an eight-headed hydra
 14004 | Lair:2   | Killed an eight-headed hydra
 14453 | Lair:3   | Noticed an eight-headed hydra
 14461 | Lair:3   | Killed an eight-headed hydra
 14461 | Lair:3   | Reached skill level 5 in Dodging
 14477 | Lair:3   | Found a staircase to the Snake Pit.
 14763 | Lair:3   | Reached skill level 7 in Fighting
 14890 | Lair:3   | Gained mutation: You have razor-sharp toenails. [demonic
                  | ancestry]
 14890 | Lair:3   | Reached XP level 13. HP: 41/100 MP: 23/23
 15809 | Lair:4   | Received a gift from Okawaru
 15819 | Lair:4   | Got a pair of shimmering gloves {god gift}
 15825 | Lair:4   | Identified the +0 pair of gloves of Buoty {*Contam MP+9
                  | Stlth+} (Okawaru gifted it to you on level 4 of the Lair of
                  | Beasts)
 16104 | Lair:4   | Reached ****** piety under Okawaru
 16378 | Lair:4   | Found a staircase to the Shoals.
 16501 | Lair:4   | You fall through a shaft!
 16775 | Lair:5   | Noticed Snorg
 16792 | Lair:5   | Killed Snorg
 16807 | Lair:5   | Found a staircase to the Slime Pits.
 17181 | Lair:5   | Reached skill level 8 in Fighting
 17595 | Lair:6   | Entered Level 6 of the Lair of Beasts
 17595 | Lair:6   | Noticed Urug
 17607 | Lair:6   | Killed Urug
 17607 | Lair:6   | Received a gift from Okawaru
 17607 | Lair:6   | Reached skill level 10 in Shields
 17668 | Lair:6   | Found a frozen archway.
 17711 | IceCv    | Entered an ice cave
 18399 | IceCv    | Reached XP level 14. HP: 63/110 MP: 24/26
 19035 | IceCv    | Noticed a frost giant
 19087 | IceCv    | Killed a frost giant
 19557 | Lair:6   | Received a gift from Okawaru
 19557 | Lair:6   | Reached skill level 9 in Fighting
 19769 | Lair:6   | Found a burning altar of Makhleb.
 19853 | Lair:6   | Found a gateway to Hell.
 21609 | D:11     | Gained mutation: You have claws for feet. [demonic
                  | ancestry]
 21609 | D:11     | Reached XP level 15. HP: 105/120 MP: 28/28
 21796 | D:11     | Received a gift from Okawaru
 22036 | D:11     | Found a staircase to the Orcish Mines.
 22075 | D:11     | Found Notsy's Food Boutique.
 22602 | D:13     | Got a dazzling hand axe
 22603 | D:13     | Identified the +6 hand axe of the New World {chop, Str+4}
                  | (You found it on level 13 of the Dungeon)
 22896 | D:13     | You fall through a shaft for 2 floors!
 22896 | D:15     | Entered Level 15 of the Dungeon
 22899 | D:15     | Reached skill level 10 in Fighting
 23272 | D:15     | Received a gift from Okawaru
 23299 | D:15     | Found a staircase to the Depths.
 23356 | D:15     | Identified the cursed +1 robe "Waotegez" {rElec rF+ SInv
                  | Stlth+} (You found it on level 15 of the Dungeon)
 24341 | D:14     | Noticed an orc warlord
 24354 | D:14     | Killed an orc warlord
 24373 | D:14     | Reached skill level 10 in Spellcasting
 24574 | D:14     | Received a gift from Okawaru
 24683 | D:14     | Found a roughly hewn altar of Beogh.
 24695 | D:14     | Gained mutation: Your flesh is heat resistant. (rF+)
                  | [demonic ancestry]
 24695 | D:14     | Reached XP level 16. HP: 71/130 MP: 30/30
 24700 | D:14     | Reached skill level 11 in Fighting
 25041 | D:14     | Found Fouff's Antique Weapon Emporium.
 25244 | D:13     | Found a gate to the Vaults.
 25408 | Orc:1    | Entered Level 1 of the Orcish Mines
 25490 | Orc:2    | Entered Level 2 of the Orcish Mines
 26067 | Orc:2    | Found a staircase to the Elven Halls.
 26273 | Orc:2    | Found Soanuh's Antique Armour Shoppe.
 26273 | Orc:2    | Found Seuschoa's Food Shoppe.
 26273 | Orc:2    | Found Fezosoiturgh's Gadget Emporium.
 26304 | Orc:2    | Found Onleeko's Armour Emporium.
 26641 | Orc:2    | Bought a smelly scale mail for 189 gold pieces
 26641 | Orc:2    | Identified the +1 scale mail of Geod {-Tele rN+++ rCorr
                  | Dex-2} (You bought it in a shop on level 2 of the Orcish
                  | Mines)
 27536 | Shoals:1 | Entered Level 1 of the Shoals
 27577 | Shoals:1 | Reached skill level 10 in Armour
 27580 | Shoals:1 | Received a gift from Okawaru
 28498 | D:8      | Bought a glowing plate armour for 806 gold pieces
 29849 | Shoals:2 | Found Rofogodd's Assorted Antiques.
 29935 | Shoals:2 | Reached skill level 1 in Evocations
 30116 | Shoals:3 | Reached skill level 12 in Fighting
 30448 | Shoals:3 | Received a gift from Okawaru
 30458 | Shoals:3 | Got a smoking hat {god gift}
 30459 | Shoals:3 | Identified the +0 hat of Wairch {MR- Str+3} (Okawaru gifted
                  | it to you on level 3 of the Shoals)
 30923 | Shoals:3 | Reached XP level 17. HP: 139/139 MP: 31/31
 30946 | Shoals:3 | Found Hahal's Jewellery Boutique.
 30981 | Shoals:3 | Bought the ring "Femadoyn" {*Slow rC+ Str+7 Dex+2 Slay+3}
                  | for 984 gold pieces
 31199 | Shoals:4 | Entered Level 4 of the Shoals
 32071 | Shoals:4 | Identified the Disquisition on Black Secrets
 32279 | Shoals:4 | Received a gift from Okawaru
 32286 | Shoals:4 | Reached skill level 10 in Dodging
 32512 | Shoals:4 | Got a barnacled rune of Zot
 33101 | Vaults:1 | Entered Level 1 of the Vaults
 33844 | Vaults:1 | Reached skill level 13 in Fighting
 34168 | Vaults:1 | Received a gift from Okawaru
 34186 | Vaults:1 | Identified the +0 buckler of the Nightingale {rElec rF+
                  | Int+2 SInv} (Okawaru gifted it to you on level 1 of the
                  | Vaults)
 34234 | Vaults:1 | Gained mutation: You are immune to clouds of flame.
                  | [demonic ancestry]
 34234 | Vaults:1 | Reached XP level 18. HP: 135/150 MP: 33/33
 34487 | Vaults:1 | Found Siagidol's Distillery.
 34491 | Vaults:1 | Bought a potion of heal wounds for 90 gold pieces
 34491 | Vaults:1 | Bought a potion of berserk rage for 90 gold pieces
 34491 | Vaults:1 | Bought a potion of might for 72 gold pieces
 34491 | Vaults:1 | Bought a potion of might for 72 gold pieces
 34491 | Vaults:1 | Bought a potion of might for 72 gold pieces
 35770 | Vaults:2 | Received a gift from Okawaru
 35771 | Vaults:2 | Found the +2 Maxwell's thermic engine {flame, freeze}
 35850 | Vaults:2 | Reached skill level 15 in Shields
 35864 | Vaults:2 | Reached skill level 14 in Fighting
 36267 | Vaults:2 | Found Feguoj's Jewellery Shoppe.
 36812 | Vaults:3 | You fall through a shaft!
 37011 | Vaults:4 | Noticed a lich
 37021 | Vaults:4 | Received a gift from Okawaru
 37025 | Vaults:4 | Reached XP level 19. HP: 159/159 MP: 35/35
 37068 | Vaults:4 | Noticed a lich
 37080 | Vaults:4 | Killed a lich
 37596 | Vaults:4 | Found a gateway to a bazaar.
 37686 | Bazaar   | Entered a bazaar
 37693 | Bazaar   | Found Xicid's Distillery.
 37739 | Bazaar   | Found Peajo's Magic Scroll Shop.
 37752 | Bazaar   | Found Fecuefy's Weapon Shop.
 37752 | Bazaar   | Found Qytirgh's Distillery.
 37769 | Bazaar   | Bought a potion of mutation for 72 gold pieces
 37769 | Bazaar   | Bought a potion of mutation for 72 gold pieces
 37769 | Bazaar   | Bought 3 potions of heal wounds for 135 gold pieces
 37769 | Bazaar   | Bought a potion of might for 36 gold pieces
 37795 | Bazaar   | Bought a potion of resistance for 130 gold pieces
 37795 | Bazaar   | Bought a potion of curing for 39 gold pieces
 37795 | Bazaar   | Bought a potion of curing for 39 gold pieces
 37795 | Bazaar   | Bought a potion of heal wounds for 65 gold pieces
 37795 | Bazaar   | Bought a potion of heal wounds for 65 gold pieces
 37841 | Bazaar   | Bought a potion of berserk rage for 45 gold pieces
 37871 | Bazaar   | Bought a potion of haste for 130 gold pieces
 37871 | Bazaar   | Bought a potion of haste for 130 gold pieces
 38169 | Vaults:3 | Noticed a bone dragon
 38170 | Vaults:3 | Found a staircase to the Crypt.
 38178 | Vaults:3 | Killed a bone dragon
 38178 | Vaults:3 | Reached skill level 15 in Long Blades
 38230 | Vaults:3 | Received a gift from Okawaru
 38290 | Vaults:3 | Cast into level 4 of the Abyss (vault warden)
 38318 | Abyss:5  | Entered Level 5 of the Abyss
 38401 | Abyss:5  | Gained mutation: You are robust. (+10% HP) [a neqoxec]
 38405 | Abyss:5  | Lost mutation: You are robust. (+10% HP) [a neqoxec]
 38482 | Abyss:5  | Found a corrupted altar of Lugonu.
 38499 | Abyss:5  | Received a gift from Okawaru
 38575 | Abyss:5  | Got an abyssal rune of Zot
 38601 | Vaults:3 | Escaped the Abyss
 39200 | Elf:1    | Entered Level 1 of the Elven Halls
 39342 | Elf:1    | Received a gift from Okawaru
 39342 | Elf:1    | Reached skill level 15 in Fighting
 40460 | Elf:2    | Found a runed translucent gate.
 40460 | Elf:2    | Found a runed translucent gate.
 40460 | Elf:2    | Found a runed translucent gate.
 40469 | Elf:2    | Reached XP level 20. HP: 166/170 MP: 36/36
 40841 | Elf:2    | Reached skill level 5 in Stealth
 41752 | Vaults:3 | Reached skill level 16 in Fighting
 41759 | Vaults:3 | Received a gift from Okawaru
 42292 | Vaults:3 | Received a gift from Okawaru
 42606 | Vaults:3 | Found Ynil's Weapon Shop.
 42693 | Vaults:3 | Found a runed translucent gate.
 42693 | Vaults:3 | Found a runed translucent gate.
 42693 | Vaults:3 | Noticed Jannitor's ghost (adept DgNe)
 42694 | Vaults:3 | Found a runed translucent gate.
 42920 | Vaults:3 | Killed Jannitor's ghost
 42920 | Vaults:3 | Reached skill level 17 in Fighting
 42944 | Vaults:3 | Identified 2 scrolls of acquirement
 42963 | Vaults:3 | Got a twisted helmet
 42975 | Vaults:3 | Identified the -3 helmet "Etonif" {rC- rN+ rCorr} (You
                  | acquired it on level 3 of the Vaults)
 43458 | Elf:3    | Entered Level 3 of the Elven Halls
 43546 | Elf:3    | Found an ancient bone altar of Kikubaaqudgha.
 43592 | Elf:3    | Cast into level 2 of the Abyss (a deep elf sorcerer)
 43798 | Abyss:2  | Gained mutation: You are clumsy. (Dex -2) [a neqoxec]
 43807 | Abyss:2  | Gained mutation: You are completely covered in rugged brown
                  | scales. (AC +3, +7% HP) [demonic ancestry]
 43807 | Abyss:2  | Reached XP level 21. HP: 103/187 MP: 36/38
 43959 | Elf:3    | Escaped the Abyss
 43975 | Elf:3    | Cast into level 2 of the Abyss (a deep elf sorcerer)
 44053 | Abyss:3  | Found a corrupted altar of Lugonu.
 44099 | Elf:3    | Escaped the Abyss
 44411 | Elf:3    | Reached skill level 18 in Fighting
 44576 | Elf:3    | Received a gift from Okawaru
 44588 | Elf:3    | Identified the +2 pair of gloves of Reofoh {Str+3} (Okawaru
                  | gifted it to you on level 3 of the Elven Halls)
 44765 | Elf:3    | Identified the cursed +0 scale mail of Midwinter {rElec
                  | Str+5}
 44865 | Elf:3    | Identified the +8 scythe "Fiosum" {venom, rN+}
 44872 | Elf:3    | Reached skill level 19 in Fighting
 45181 | Elf:3    | Identified the ring of Dedim {rF+ rC+ Str+6 Int+7}
 45198 | Elf:3    | Cast into level 3 of the Abyss (a deep elf sorcerer)
 45227 | Abyss:3  | Found a bloodstained altar of Trog.
 45349 | Elf:3    | Escaped the Abyss
 45754 | Elf:3    | Identified the amulet "Imouck" {Harm *Drain rC+}
 46282 | Snake:1  | Entered Level 1 of the Snake Pit
 46306 | Snake:1  | Reached skill level 20 in Fighting
 46334 | Snake:1  | Found a hide-covered altar of Uskayaw.
 46368 | Snake:1  | Received a gift from Okawaru
 46858 | Snake:2  | Received a gift from Okawaru
 47159 | Snake:2  | Reached XP level 22. HP: 156/205 MP: 39/39
 47398 | Snake:2  | Found a runed translucent door.
 47530 | Snake:2  | Noticed Frances
 47538 | Snake:2  | Killed Frances
 47727 | Snake:3  | Noticed Asterion
 47739 | Snake:3  | Killed Asterion
 48270 | Snake:3  | Found a white marble altar of Elyvilon.
 48452 | Snake:3  | Found Vaboqysch's Gadget Emporium.
 48889 | Snake:4  | Entered Level 4 of the Snake Pit
 48916 | Snake:4  | Reached skill level 21 in Fighting
 49022 | Snake:4  | Received a gift from Okawaru
 49141 | Snake:4  | Found a runed translucent door.
 49146 | Snake:4  | Found Podiyst's Jewellery Shoppe.
 49146 | Snake:4  | Found Vial's Gadget Shop.
 49152 | Snake:4  | Noticed P0WERM0DE's ghost (journeyman DDFi)
 49226 | Snake:4  | Killed P0WERM0DE's ghost
 49242 | Snake:4  | Found Urofu's Gadget Shop.
 49479 | Snake:4  | Received a gift from Okawaru
 49954 | Snake:4  | Identified the +10 short sword of Day {speed, Dex+3}
 49979 | Snake:4  | Identified the cursed +0 large shield "Guab" {rN++ Regen+
                  | Str+2 Dex-4}
 49979 | Snake:4  | Noticed Louise
 49989 | Snake:4  | Killed Louise
 50178 | Snake:4  | Got a serpentine rune of Zot
 50453 | Depths:1 | Entered Level 1 of the Depths
 50478 | Depths:1 | Found a glowing golden altar of the Shining One.
 50650 | Crypt:1  | Entered Level 1 of the Crypt
 50650 | Crypt:1  | Noticed Mennas
 50658 | Crypt:1  | Killed Mennas
 50767 | Crypt:1  | Reached XP level 23. HP: 120/215 MP: 41/41
 51288 | Crypt:1  | Paralysed by a vampire knight for 5 turns
 51289 | Crypt:1  | Noticed Mara
 51295 | Crypt:1  | Noticed Morbidden's illusion
 51326 | Crypt:1  | HP: 4/215 [vampire knight/+0 bardiche (14)]
 51334 | Crypt:1  | Killed Mara
 52677 | Crypt:2  | Received a gift from Okawaru
 53131 | Crypt:3  | Entered Level 3 of the Crypt
 53291 | Crypt:3  | Found a staircase to the Tomb.
 53338 | Crypt:3  | Found a runed translucent gate.
 53357 | Crypt:3  | Found a runed translucent gate.
 53533 | Crypt:3  | Found a runed translucent gate.
 53534 | Crypt:3  | Noticed Jetyrhek's ghost (veteran GrEE)
 53534 | Crypt:3  | Noticed Jetyrhek's ghost (veteran GrEE)
 53535 | Crypt:3  | Noticed Vailuoroe's ghost (veteran GrEE)
 53674 | Crypt:3  | Killed Jetyrhek's ghost
 53688 | Crypt:3  | Killed Jetyrhek's ghost
 53688 | Crypt:3  | Reached skill level 15 in Armour
 53701 | Crypt:3  | Killed Vailuoroe's ghost
 53710 | Crypt:3  | Got a pair of jewelled gloves
 53712 | Crypt:3  | Identified the +2 pair of gloves of the Cooper {rC- rN++
                  | MR- rCorr} (You found it on level 3 of the Crypt)
 53870 | Crypt:3  | Noticed an ancient lich
 53870 | Crypt:3  | Noticed an ancient lich
 53884 | Crypt:3  | Killed an ancient lich
 53884 | Crypt:3  | Received a gift from Okawaru
 53898 | Crypt:3  | Killed an ancient lich
 53898 | Crypt:3  | Reached skill level 22 in Fighting
 54196 | Crypt:3  | Noticed an ancient lich
 54208 | Crypt:3  | Cast into level 3 of the Abyss (a lich)
 54208 | Abyss:3  | Found a corrupted altar of Lugonu.
 54282 | Crypt:3  | Escaped the Abyss
 54301 | Crypt:3  | Killed an ancient lich
 54301 | Crypt:3  | Reached skill level 15 in Spellcasting
 54373 | Crypt:3  | Identified Gloorx Vloq's Reference Book on Stolen Souls
 54441 | Crypt:3  | Learned a level 8 spell: Necromutation
 54471 | Crypt:3  | Gained mutation: You can hurl damnation. [demonic ancestry]
 54471 | Crypt:3  | Reached XP level 24. HP: 181/224 MP: 42/42
 55098 | Slime:1  | Entered Level 1 of the Pits of Slime
 55108 | Slime:1  | Reached skill level 1 in Necromancy
 55155 | Slime:1  | Reached skill level 1 in Transmutations
 55964 | Slime:2  | HP: 12/336 [acid (8)]
 55966 | Slime:2  | HP: 2/336 [acid (5)]
 55966 | Slime:2  | Splashed with acid

Skill      XL: |  1  2  3  4  5  6  7  8  9 10 11 12 13 14 15 16 17 18 19 20 21 22 23 24 |
---------------+-------------------------------------------------------------------------+-----
Long Blades    | 2 3 4 5 6 7 8 9 10 11 12 13 14 15 | 15.8
Armour         | 3 4 5 6 7 8 9 10 11 12 13 14 15 | 15.4
Shields        | 3 4 5 7 8 9 10 11 12 14 15 16 17 | 17.3
Dodging        | 1 2 3 4 5 6 7 8 9 10 11 12 13 14 | 14.2
Fighting       | 4 5 6 7 8 9 10 12 13 14 15 17 20 21 22 | 22.1
Spellcasting   | 3 4 5 6 7 8 9 10 11 12 13 14 15 | 15.1
Stealth        | 1 3 4 5 |  5.0
Short Blades   | 1 2 3 4 |  4.0
Invocations    | 3 5 7 8 |  8.5
Evocations     | 1 |  1.5
Necromancy     | 2 |  2.2
Transmutations | 1 |  1.9
Throwing       | |  0.2

Action                   |  1- 3 |  4- 6 |  7- 9 | 10-12 | 13-15 | 16-18 | 19-21 | 22-24 || total
-------------------------+-------+-------+-------+-------+-------+-------+-------+-------++-------
Melee: Long sword        |    93 |   149 |       |       |       |       |       |       ||   242
       Falchion          |       |    27 |   259 |   517 |  1536 |  1401 |       |       ||  3740
       Dagger            |       |       |    38 |   187 |   175 |       |       |       ||   400
       Kick              |       |       |       |    89 |   673 |   730 |   451 |   506 ||  2449
       Double sword      |       |       |       |       |       |   104 |  1062 |   987 ||  2153
Throw: Throwing net      |       |       |       |     2 |     2 |       |       |       ||     4
       Javelin           |       |       |       |       |     2 |     8 |     1 |    14 ||    25
Invok: Heroism           |       |       |       |     4 |     8 |     9 |     2 |     7 ||    30
       Finesse           |       |       |       |     2 |     4 |     3 |     2 |     7 ||    18
 Abil: Hurl Damnation    |       |       |       |       |       |       |       |     2 ||     2
Evoke: Wand              |       |       |       |       |     5 |    15 |     1 |     4 ||    25
       Box of beasts     |       |       |       |       |       |       |       |     1 ||     1
       Lamp of fire      |       |       |       |       |       |       |       |     1 ||     1
  Use: Potion            |     1 |     2 |     5 |     4 |     4 |    13 |    12 |    10 ||    51
       Scroll            |       |     8 |    10 |    10 |    17 |    13 |    18 |     6 ||    82
 Stab: Held in net/web   |       |       |       |       |     1 |       |       |       ||     1
       Invisible         |       |       |       |       |    27 |     5 |       |       ||    32
       Confused          |       |       |       |       |       |     2 |     1 |       ||     3
       Distracted        |       |       |       |       |       |       |     2 |       ||     2
  Eat: Chunk             |     2 |     5 |     5 |    19 |    26 |    28 |    13 |     5 ||   103
       Ration            |       |     1 |     2 |     1 |     2 |     4 |     8 |     7 ||    25
Armor: Scale mail        |    32 |    58 |    84 |    15 |       |       |       |       ||   189
       Plate armour      |       |       |       |   260 |   439 |   368 |    13 |       ||  1080
       Storm dragon scal |       |       |       |       |       |       |   260 |   231 ||   491
Dodge: Dodged            |    17 |    48 |    77 |   175 |   461 |   512 |   340 |   357 ||  1987
Block: Shield            |    47 |    92 |   128 |   403 |   904 |   896 |   702 |   748 ||  3920
       Reflection        |       |       |       |       |    44 |    74 |    93 |    79 ||   290
       Rpst.: Long sword |     7 |     8 |       |       |       |       |       |       ||    15
       Falchion          |       |     2 |    23 |    41 |    97 |    94 |       |       ||   257
       Double sword      |       |       |       |       |       |     9 |    69 |    64 ||   142
